 Dungeon Crawl Stone Soup version 0.28.0-43-g3370ac3207 (webtiles) character file.

Game seed: 13574774168964419001

32 pkoi the Insei (level 2, -4/24 HPs)
             Began as a Demigod Gladiator on Mar 28, 2022.
             Slain by a goblin
             ... wielding a +0 dagger
             ... led by Robin
              (5 damage)
             ... on level 2 of the Dungeon.
             The game lasted 00:01:06 (1392 turns).

pkoi the Insei (Demigod Gladiator)                  Turns: 1392, Time: 00:01:06

Health: -4/24      AC:  4    Str: 15    XL:     2   Next: 96%
Magic:  4/4        EV: 12    Int: 10    God:
Gold:   88         SH:  0    Dex: 15    Spells: 1/1 levels left

rFire   . . .      SeeInvis .     - Unarmed
rCold   . . .      Faith    .   (no shield)
rNeg    . . .      Spirit   .   a - +0 leather armour
rPois   .          Reflect  .   b - +0 helmet
rElec   .          Harm     .   (no cloak)
rCorr   .          Rampage  .   (no gloves)
Will    .....                   (no boots)
Stlth   +.........              (no amulet)
HPRegen 0.08/turn               (no ring)
MPRegen 0.09/turn               (no ring)

@: no status effects
A: high MP 1, forlorn, divine attributes
a: no special abilities


You were on level 2 of the Dungeon.
You visited 1 branch of the dungeon, and saw 2 of its levels.

You collected 88 gold pieces.

Inventory:

Missiles
 c - 3 throwing nets (quivered)
Armour
 a - a +0 leather armour (worn)
 b - a +0 helmet (worn)
Scrolls
 d - a scroll of magic mapping {unknown}
 f - 2 scrolls of identify {unknown}
 g - a scroll of vulnerability {unknown}
 h - a scroll of noise {unknown}
Potions
 e - a potion of flight {unknown}


   Skills:
 - Level 1.7 Fighting
 - Level 1.7 Throwing
 - Level 2.6 Dodging
 * Level 3.9 Unarmed Combat


You had one spell level left.
You didn't know any spells.
Your spell library was empty.

Dungeon Overview and Level Annotations

Branches:
Dungeon (2/15)

Annotations:
D:2 Robin


Innate Abilities, Weirdness & Mutations

You have an increased reservoir of magic. (+10% MP)
You shall have no god before yourself.
Your divine heritage dramatically boosts your attributes as you level up.


Message History

Robin roars a battlecry!
The goblin goes into a battle-frenzy!
The goblin hits you with a +0 dagger.
* * * LOW HITPOINT WARNING * * *
You hit the goblin but do no damage. Robin throws the goblin at you!
* * * LOW HITPOINT WARNING * * *
The goblin closely misses you. The goblin hits you but does no damage.
Unknown command.
You closely miss the goblin. The goblin hits you with a +0 club.
* * * LOW HITPOINT WARNING * * *
The goblin hits you with a +0 dagger.
* * * LOW HITPOINT WARNING * * *
You hit the goblin.
The goblin is severely wounded.
You closely miss the goblin.
The goblin is severely wounded.
The goblin hits you with a +0 dagger.
* * * LOW HITPOINT WARNING * * *
The goblin barely misses you.
Unknown command.
You hit the goblin but do no damage.
The goblin is heavily wounded.
The goblin closely misses you. The goblin completely misses you.
Unknown command.
You hit the goblin but do no damage.
The goblin is heavily wounded.
The goblin hits you but does no damage. The goblin hits you with a +0 dagger.
* * * LOW HITPOINT WARNING * * *
Unknown command.
You hit the goblin.
You kill the goblin!
The goblin closely misses you.
Unknown command.
Robin throws the goblin at you!
You see here a +0 club.
You closely miss the goblin. The goblin hits you but does no damage.
The goblin closely misses you.
You can't go up here!
The goblin hits you with a +0 dagger.
You die...

##+###### #.......#
#######.......+
#....##.......#
#g##.##.......#
#)##g###†..####
###g##....g#.#
#.@g######.#g...ggg
#.#....# ####..g..g
#...##.# ......
#####.##.# ..gg.g
#.....##.# ......
#.#..>.#.# ......
#.+..[.+.# ......
###....### #....#


You could see Robin and 2 goblins.

Vanquished Creatures
  2 ball pythons (D:1)
  2 endoplasms (D:1)
  6 goblins
  5 hobgoblins
  A quokka (D:2)
  3 bats
  A frilled lizard (D:1)
  4 kobolds (D:1)
  5 rats (D:1)
29 creatures vanquished.

Notes
Turn   | Place    | Note
-------+----------+-------------------------------------------
     0 | D:1      | pkoi the Demigod Gladiator began the quest for the Orb.
     0 | D:1      | Reached XP level 1. HP: 17/17 MP: 3/3
   306 | D:1      | Reached skill level 3 in Unarmed Combat
   450 | D:1      | Reached XP level 2. HP: 4/24 MP: 4/4
  1353 | D:2      | Noticed Robin
  1388 | D:2      | HP: 1/24 [goblin/+0 dagger[Robin] (3)]
  1392 | D:2      | Slain by a goblin

Illustrated notes

Levels and vault maps discovered:
D:1:      ncdulo_lavacross, layout_loops_corners, serial_bayou_pond_d,
          minmay_three_crescents
D:2:      layout_basic, chequers_ecumenical_altar_simple, uniq_robin,
          uniq_terence

Skill      XL: |  1 |
---------------+----+-----
Unarmed Combat | 3 |  3.9
Fighting       | |  1.7
Throwing       | |  1.7
Dodging        | |  2.6

Action                   || total
-------------------------++-------
Melee: Unarmed           ||   106
       Punch             ||     3
 Stab: Sleeping          ||     1
Armor: Leather armour    ||    28
Dodge: Dodged            ||    75
